 Dungeon Crawl Stone Soup version 0.19-a0-904-ga29959e (webtiles) character file.

1187 Gottschkopf the Arsonist (level 8, -1/41 HPs)
             Began as a Deep Elf Fire Elementalist on July 5, 2016.
             Was a Follower of Sif Muna.
             Killed by divine providence
             ... invoked by an orc priest
              (9 damage)
             ... on level 5 of the Dungeon.
             The game lasted 00:12:52 (4339 turns).

Gottschkopf the Arsonist (DEFE)                     Turns: 4339, Time: 00:12:53

Health: -1/41      AC:  4    Str:  5    XL:     8   Next: 19%
Magic:  15/22      EV: 13    Int: 23    God:    Sif Muna [*.....]
Gold:   297        SH:  0    Dex: 15    Spells: 5 memorised, 9 levels left

rFire  . . .     SeeInvis .     x - +0 dagger (venom)
rCold  . . .     Gourm    .     a - +0 robe
rNeg   . . .     Faith    .     (no shield)
rPois  .         Spirit   .     (no helmet)
rElec  .         Dismiss  .     (no cloak)
rCorr  .         Reflect  .     p - +1 pair of gloves
SustAt +         Harm     .     (no boots)
MR     .....                    d - amulet of magic regeneration
Stlth  ++........               (no ring)
                                v - ring of sustain attributes

@: not resistant to hostile enchantments, unstealthy
A: no striking features
a: Divine Energy, Renounce Religion


You were on level 5 of the Dungeon.
You worshipped Sif Muna.
Sif Muna was aware of your devotion.
You were hungry.

You visited 1 branch of the dungeon, and saw 5 of its levels.

You collected 297 gold pieces.

Inventory:

Hand Weapons
 x - a +0 dagger of venom (weapon)
Armour
 a - a +0 robe (worn)
 h - a troll hide {Purgy}
 l - a +1 helmet
 p - a +1 pair of gloves (worn)
Jewellery
 d - an amulet of magic regeneration (around neck)
 i - an uncursed ring of ice
 s - an uncursed ring of ice
 v - a ring of sustain attributes (left hand)
Scrolls
 f - 3 scrolls of amnesia {unknown}
 g - a scroll of enchant weapon
 o - a scroll of teleportation
 q - a scroll of magic mapping
 r - a scroll of remove curse
Potions
 e - 2 potions of cure mutation
 j - 3 potions of lignification
 n - a potion of resistance {unknown}
 t - a potion of magic {unknown}
 u - a potion of might
 w - a potion of heal wounds {unknown}
Books
 b - a book of Flames

   Spells                             Type                      Level
   a - Flame Tongue                   Conjuration/Fire             1
   b - Throw Flame                    Conjuration/Fire             2
   c - Conjure Flame                  Conjuration/Fire             3
   d - Inner Flame                    Hexes/Fire                   3
   e - Sticky Flame                   Conjuration/Fire             4
   f - Fireball                       Conjuration/Fire             5
Comestibles
 c - 3 bread rations
 k - 3 meat rations
 m - 4 slices of pizza


   Skills:
 - Level 2.4 Dodging
 - Level 2.4 Stealth
 - Level 8.7 Spellcasting
 - Level 1.1 Conjurations
 + Level 8.9 Fire Magic


You had 9 spell levels left.
You knew the following spells:

 Your Spells              Type           Power        Failure   Level  Hunger
a - Flame Tongue          Conj/Fire      ####.        1%          1    None
b - Throw Flame           Conj/Fire      ####..       1%          2    None
c - Conjure Flame         Conj/Fire      ####....     2%          3    None
d - Sticky Flame          Conj/Fire      ####....     10%         4    ##.....
e - Fireball              Conj/Fire      ####......   24%         5    ####...


Dungeon Overview and Level Annotations

Branches:
Dungeon (5/15)
 Temple: D:4-7

Altars:
Nemelex Xobeh
Sif Muna
Xom
Yredelemnul


Message History

Press: ? - help, Shift-Dir - straight line, f/p - orc wizard
Aim: an orc wizard, wielding a dagger and wearing an embroidered robe (almost dead)
The flame tongue misses the orc wizard.
The flame tongue misses the orc.
The flame tongue hits the orc priest.
The orc priest is moderately wounded.
The orc priest calls down the wrath of Beogh upon you.
Beogh smites you!
* * * LOW HITPOINT WARNING * * *
The orc wizard hits you but does no damage.
Casting: Flame Tongue
Confirm with . or Enter, or press ? or * to list all spells.
Aiming: Flame Tongue
Press: ? - help, Shift-Dir - straight line, f/p - orc wizard
Aim: an orc wizard, wielding a dagger and wearing an embroidered robe (almost dead)
The flame tongue hits the orc wizard.
The orc wizard resists.
You kill the orc wizard!
Sif Muna accepts your kill.
The orc priest invokes the aid of Beogh against you.
Beogh smites you!
You die...

# ######.#
#..<...#
#.#.####
#.#.##########
#.#...@)o.ooZ.
#.#.##########
#.#.# #.#.#
#.### ...


You could see an orc priest, 2 orcs and a giant gecko skeleton.

Vanquished Creatures
  Grinder (D:4)
  Sigmund (D:3)
  Menkaure (D:4)
  Edmund (D:4)
  Purgy (D:4)
  A scorpion (D:4)
  A howler monkey (D:4)
  A hound (D:4)
  An orc priest (D:3)
  5 orc wizards
  Robin (D:4)
  4 gnolls (D:3)
  4 adders
  2 oozes
  A worm (D:4)
  2 dart slugs
  2 giant geckos (D:1)
  9 orcs
  2 ball pythons (D:3)
  15 giant cockroaches
  15 goblins
  15 hobgoblins
  10 jackals
  2 quokkas
  11 bats
  6 giant newts
  A jackal skeleton (D:2)
  6 kobolds
  16 rats
138 creatures vanquished.

Notes
Turn   | Place    | Note
-------+----------+-------------------------------------------
     0 | D:1      | Gottschkopf the Deep Elf Fire Elementalist began the quest for the Orb.
     0 | D:1      | Reached XP level 1. HP: 10/10 MP: 6/6
   274 | D:1      | Reached XP level 2. HP: 15/15 MP: 6/8
   347 | D:1      | Learned a level 2 spell: Throw Flame
   781 | D:1      | Reached XP level 3. HP: 19/19 MP: 8/11
   786 | D:1      | Learned a level 3 spell: Conjure Flame
   839 | D:1      | Reached skill level 5 in Spellcasting
  1098 | D:2      | Found a shimmering altar of Xom.
  1479 | D:2      | Reached XP level 4. HP: 7/24 MP: 6/13
  1499 | D:2      | Found a basalt altar of Yredelemnul.
  2204 | D:3      | Noticed Sigmund
  2213 | D:3      | Killed Sigmund
  2213 | D:3      | Reached XP level 5. HP: 19/28 MP: 7/17
  2342 | D:3      | Reached XP level 6. HP: 24/32 MP: 13/19
  2369 | D:3      | Learned a level 4 spell: Sticky Flame
  2375 | D:3      | Learned a level 5 spell: Fireball
  3189 | D:3      | Found a deep blue altar of Sif Muna.
  3193 | D:3      | Became a worshipper of Sif Muna the Loreminder
  3322 | D:4      | Reached skill level 5 in Fire Magic
  3389 | D:4      | Noticed Edmund
  3395 | D:4      | Noticed Grinder
  3396 | D:4      | Noticed Purgy
  3399 | D:4      | Killed Edmund
  3399 | D:4      | Reached XP level 7. HP: 36/36 MP: 9/21
  3578 | D:4      | Killed Purgy
  3742 | D:4      | Killed Grinder
  3742 | D:4      | Reached * piety under Sif Muna
  3752 | D:4      | Noticed Robin
  3782 | D:4      | Killed Robin
  3887 | D:4      | Found a sparkling altar of Nemelex Xobeh.
  4015 | D:4      | Reached XP level 8. HP: 37/41 MP: 16/22
  4081 | D:4      | Noticed Menkaure
  4084 | D:4      | Killed Menkaure
  4321 | D:5      | Entered Level 5 of the Dungeon
  4339 | D:5      | Killed from afar by an orc priest

Vault maps used:
D:1:      dpeg_arrival_round_b, grunt_decor_one_mirror
D:2:      minmay_roachtagon, yredelemnul_altar_generic, xom_teletrap_fun
D:3:      led_sif_book, uniq_sigmund
D:4:      nemelex_xobeh_ov_fountains_minmay, first_bread, uniq_grinder,
          uniq_menkaure, uniq_robin, uniq_edmund, uniq_purgy
D:5:      vehumet_crystals, zin_purify

Skill      XL: |  1  2  3  4  5  6  7 |
---------------+----------------------+-----
Spellcasting   | 4 5 8 |  8.7
Fire Magic     | 5 8 |  8.9
Dodging        | |  2.4
Stealth        | |  2.4
Conjurations   | |  1.1

Action                   |  1- 3 |  4- 6 |  7- 9 || total
-------------------------+-------+-------+-------++-------
Melee: Dagger            |     8 |     2 |     2 ||    12
 Cast: Flame Tongue      |    73 |   132 |    60 ||   265
       Throw Flame       |       |     3 |     4 ||     7
       Fireball          |       |       |     2 ||     2
       Sticky Flame      |       |       |     2 ||     2
  Use: Scroll            |       |    11 |       ||    11
 Stab: Sleeping          |       |       |     1 ||     1
  Eat: Chunk             |     1 |     6 |     3 ||    10
Armor: Robe              |     7 |    12 |    18 ||    37
Dodge: Dodged            |    42 |    34 |    36 ||   112
